 Dungeon Crawl Stone Soup version 0.30-a0-743-gbfdf073431 (webtiles) character file.

Game seed: 2447550896414277179

255 ragingrage the Cleaver (level 6, -4/51 HPs)
             Began as a Hill Orc Delver on Feb 5, 2023.
             Was an Initiate of Qazlal.
             Slain by an ogre
             ... wielding a +0 giant club
              (36 damage)
             ... on level 5 of the Dungeon.
             The game lasted 00:04:10 (3753 turns).

ragingrage the Cleaver (Hill Orc Delver)            Turns: 3753, Time: 00:04:11

Health: -4/51      AC:  6    Str: 17    XL:     6   Next: 15%
Magic:  6/6        EV: 11    Int: 10    God:    Qazlal [......]
Gold:   217        SH:  0    Dex: 12    Spells: 5/5 levels left

rFire   . . .      SeeInvis .    a - +0 hand axe
rCold   . . .      Faith    .    (no shield)
rNeg    . . .      Spirit   .    j - +0 leather armour
rPois   .          Reflect  .    y - +0 helmet
rElec   .          Harm     .    (no cloak)
rCorr   .          Rampage  .    h - +0 pair of gloves
Will    .....                    i - +0 pair of boots
Stlth   ++                       (no amulet)
HPRegen 0.28/turn                (no ring)
MPRegen 0.10/turn                (no ring)

@: no status effects
A: no striking features
a: Renounce Religion


You were on level 5 of the Dungeon.
You worshipped Qazlal.
Qazlal was noncommittal.
You visited 2 branches of the dungeon, and saw 6 of its levels.

You collected 217 gold pieces.

Inventory:

Hand Weapons
 a - a +0 hand axe (weapon)
 b - a +0 sling
 q - a +0 whip of pain
Armour
 h - a +0 pair of gloves (worn)
 i - a +0 pair of boots (worn)
 j - a +0 leather armour (worn)
 y - a +0 helmet (worn)
 z - a +0 kite shield
Wands
 g - a wand of digging (3)
Scrolls
 c - 2 scrolls of fog
 d - 4 scrolls of magic mapping
 e - a scroll of fear
 f - 4 scrolls of teleportation {unknown}
 k - a scroll of butterflies {unknown}
 n - 2 scrolls of noise {unknown}
 s - a scroll of amnesia {unknown}
 u - 3 scrolls of identify {unknown}
 w - 2 scrolls of enchant armour {unknown}
 x - a scroll of blinking {unknown}
Potions
 l - 2 potions of lignification {unknown}
 m - 2 potions of ambrosia {unknown}
 o - a potion of attraction {unknown}
 p - 2 potions of berserk rage {unknown}
 r - a potion of invisibility {unknown}
 v - 2 potions of curing {unknown}
 A - a potion of cancellation


   Skills:
 - Level 3.6 Fighting
 + Level 8.3 Axes
 - Level 1.5 Dodging
 - Level 4.1 Stealth


You had 5 spell levels left.
You didn't know any spells.
Your spell library contained the following spells:

 Spells                   Type           Power      Damage    Failure   Level
 Blade Hands              Tmut           0%         N/A       100%        5
 Irradiate                Conj/Tmut      0%         3d11      100%        5
 Dragon Form              Tmut           0%         N/A       100%        7


Dungeon Overview and Level Annotations

Branches:
Dungeon (5/15)             Temple (1/1) D:4

Altars:
Ashenzari
Elyvilon
Fedhas
Gozag
Kikubaaqudgha
Nemelex Xobeh
Okawaru
Qazlal
Ru
Sif Muna
Xom
Yredelemnul
Zin

Shops:
D:4 (

Annotations:
D:4 Edmund, Sigmund


Message History

Partly explored, can't reach some places.
(D) Dungeon (T) Temple
Where to? (Enter - D:4, ? - help)
There is a stone staircase leading down here.
You climb downwards.
There is a stone staircase leading up here.
f - 4 scrolls labelled CIUKOLIDEL (gained 1)
An ogre comes into view. It is wielding a +0 giant club.
Search for what [? for help]? axe What are your orders? t - Shout!
Orders for allies: a - Attack new target. r - Retreat! s - Stop attacking. g - Guard the area. f - Follow me.
Anything else - Cancel.
You shout for attention!
You hear a shout!
You hear a bark!
An ogre is nearby!
You throw a poisoned dart. The poisoned dart hits the ogre.
You throw a poisoned dart. The poisoned dart hits the ogre.
The ogre is poisoned.
You throw a poisoned dart. The poisoned dart hits the ogre.
The ogre looks even sicker.
The ogre is lightly wounded.
You throw a poisoned dart. The poisoned dart hits the ogre.
The ogre looks even sicker.
The ogre is lightly wounded.
A scorpion comes into view.
You throw a poisoned dart. The poisoned dart hits the ogre.
The ogre is lightly wounded.
The ogre hits you with a +0 giant club!!
You hit the ogre.
The ogre is moderately wounded.
You hit the ogre.
The ogre is heavily wounded.
The ogre closely misses you.
You slash the ogre!
The ogre is almost dead.
The ogre hits you with a +0 giant club!!!
Ouch! That really hurt!
You die...

#O. #.# ##.#
#..# .(.
#...## # #(#
.. #.#..##.
#(##
#.##.##>...
#.(##
#..........
##.s#
####..<..#.
##O#
###...##
#@## #...##
#..###
#.....
##...#
#..... ###.#
#..... #.###
#....#
#...##
#....#
###..#
##....#
##.##
#.....#
#..###......


You could see an ogre (very poisoned) and a scorpion.

Vanquished Creatures
  An ogre (D:4)
  A hound (D:4)
  An iguana (D:4)
  4 adders
  2 worms
  3 dart slugs
  5 bats
  8 endoplasms
  3 giant cockroaches
  5 goblins
  2 hobgoblins
  A jackal (D:4)
  9 kobolds
  3 quokkas
  11 ball pythons
  6 frilled lizards
  8 rats
73 creatures vanquished.

Vanquished Creatures (others)
  11 plants (D:4)
11 creatures vanquished.

Grand Total: 84 creatures vanquished

Notes
Turn   | Place    | Note
-------+----------+-------------------------------------------
     0 | D:5      | ragingrage the Hill Orc Delver began the quest for the Orb.
     0 | D:5      | Reached XP level 1. HP: 19/19 MP: 1/1
    21 | D:5      | Noticed a hound
    53 | D:4      | Found Cajen's Weapon Emporium.
    85 | D:4      | Noticed Sigmund
    97 | D:4      | Noticed a hound
   114 | D:4      | Killed a hound
   115 | D:4      | Reached skill level 4 in Axes
   115 | D:4      | Reached XP level 2. HP: 11/26 MP: 2/2
   115 | D:4      | Reached XP level 3. HP: 14/31 MP: 3/3
   288 | D:3      | Reached skill level 5 in Axes
   402 | D:3      | Found a faded altar of an unknown god.
   455 | D:3      | Found a shimmering altar of Xom.
   733 | D:3      | Reached XP level 4. HP: 3/39 MP: 4/4
   734 | D:3      | HP: 1/39 [poisoned by an adder]
  1259 | D:2      | Identified the +6 dagger of Extremism {freeze, rElec Str+3
                  | Int+3}
  1299 | D:2      | Reached skill level 6 in Axes
  2180 | D:2      | Reached XP level 5. HP: 45/45 MP: 5/5
  2950 | D:4      | Found a staircase to the Ecumenical Temple.
  2983 | D:4      | Reached skill level 7 in Axes
  2999 | Temple   | Entered the Ecumenical Temple
  3010 | Temple   | Became a worshipper of Qazlal Stormbringer
  3386 | D:4      | Noticed an ogre
  3407 | D:4      | Killed an ogre
  3408 | D:4      | Reached skill level 8 in Axes
  3408 | D:4      | Reached XP level 6. HP: 31/51 MP: 6/6
  3532 | D:4      | Noticed Edmund
  3753 | D:5      | Slain by an ogre

Illustrated notes

Levels and vault maps discovered:
D:1:      nagdon_arrival_double_spiral, layout_loops_ring
D:2:      layout_loops_corners
D:3:      layout_basic, overflow_temple_1_default,
          dreamdust_ecumenical_altar_hidden_monk_grotto
D:4:      layout_basic, minmay_temple_entry_hall, serial_shops,
          nicolae_shop_bloodbath_and_beyond, serial_bayou,
          serial_bayou_crossing, serial_bayou_ford_a, serial_bayou_pond_b,
          serial_bayou_pond_a, serial_bayou_shore_b, uniq_edmund, uniq_sigmund
D:5:      layout_rooms, uniq_menkaure
Temple:   lightli_temple_of_artemis

Skill      XL: |  1  2  3  4  5 |
---------------+----------------+-----
Axes           | 4 5 6 8 |  8.3
Fighting       | |  3.6
Dodging        | |  1.5
Stealth        | |  4.1

Action                     |  1- 3 |  4- 6 || total
---------------------------+-------+-------++-------
  Melee: Hand axe          |    64 |   177 ||   241
         Punch             |       |     2 ||     2
   Fire: Sling             |     5 |       ||     5
  Throw: Dart              |       |    10 ||    10
    Use: Potion            |     3 |       ||     3
   Stab: Sleeping          |     7 |    13 ||    20
 Armour: Leather armour    |    22 |    50 ||    72
  Dodge: Dodged            |    41 |    84 ||   125

Table legend: (Time is in decaauts)
 A = Elapsed time spent in this place.
 B = Non-inter-level travel time spent in this place.
 C = Inter-level travel time spent in this place.
 D = Time resting spent in this place.
 E = Time spent auto-exploring this place.
 F = Levels seen in this place.
 G = Mean time per level.
                   A        B        C        D        E       F      G
               +--------+--------+--------+--------+--------+-----+--------+
         Total |   3824 |   3704 |    120 |    291 |   2671 |   6 |  637.3 |
       Dungeon |   3802 |   3694 |    108 |    291 |   2671 |   5 |  760.4 |
        Temple |     22 |     11 |     11 |      0 |      0 |   1 |   22.0 |
               +--------+--------+--------+--------+--------+-----+--------+

Top non-repeatable levels by time:
     D:4: 1052 daAuts
     D:3: 989 daAuts
     D:2: 861 daAuts
     D:1: 824 daAuts
     D:5: 75 daAuts
  Temple: 22 daAuts
